 Dungeon Crawl Stone Soup version 0.31.0-32-g396128a36d (webtiles) character file.

Game seed: 16906421774947327469

44 tdog the Sneak (level 3, -2/18 HPs)
             Began as a Spriggan Brigand on Apr 12, 2024.
             Killed from afar by an orc wizard (10 damage)
             ... with a puff of flame
             ... on level 2 of the Dungeon.
             The game lasted 00:04:05 (1845 turns).

tdog the Sneak (Spriggan Brigand)                   Turns: 1845, Time: 00:04:06

Health: -2/18      AC:  4    Str:  9    XL:     3   Next: 39%
Magic:  4/4        EV: 17    Int: 12    God:
Gold:   170        SH:  0    Dex: 16    Spells: 2/2 levels left

rFire   . . .        a - +2 dagger
rCold   . . .        (no shield)
rNeg    . . .        b - +0 robe
rPois   .            j - +1 hat
rElec   .            c - +0 cloak
rCorr   .            (gloves unavailable)
SInv    +            (boots unavailable)
Will    .....        (no amulet)
Stlth   +++          (no ring)
HPRegen 0.23/turn    (no ring)
MPRegen 0.09/turn

%: no passive effects
@: very quick
A: very small, no large weapons, unfitting armour, see invisible, speed 3
a: no special abilities


You were on level 2 of the Dungeon.
You visited 1 branch of the dungeon, and saw 3 of its levels.

You collected 170 gold pieces.

Inventory:

Hand Weapons
 a - a +2 dagger (weapon)
Missiles
 d - 3 poisoned darts (quivered)
 e - 3 curare-tipped darts
Armour
 b - a +0 robe (worn)
 c - a +0 cloak (worn)
 j - a +1 hat (worn)
Jewellery
 k - a ring of magical power
Scrolls
 f - 7 scrolls of identify {unknown}
 i - a scroll of enchant weapon {unknown}
 l - a scroll of poison {unknown}
 m - a scroll of amnesia {unknown}
 n - a scroll of revelation {unknown}
Potions
 g - a potion of curing {unknown}
 h - a potion of invisibility {unknown}


   Skills:
 + Level 1.8 Fighting
 + Level 2.9 Short Blades
 + Level 2.0 Throwing
 + Level 2.0 Dodging
 + Level 6.8 Stealth


You had 2 spell levels left.
You didn't know any spells.
Your spell library contained the following spells:

 Spells                   Type           Power      Damage    Failure   Level
 Kiss of Death            Conj/Necr      0%         2d5       32%         1
 Confusing Touch          Hex            0%         N/A       69%         3
 Dispel Undead            Necr           0%         3d6       97%         4


Dungeon Overview and Level Annotations

Branches:
Dungeon (3/15)

Altars:

Shops:
D:2 =*


Innate Abilities, Weirdness & Mutations

You are very small and have problems with some larger weapons.
You are too small for most types of armour.
You have supernaturally acute eyesight. (SInv)
You cover ground extremely quickly. (Speed+++)


Message History

The poisoned dart barely misses the orc.
Throw: 5 darts (poison)
Press: ? - help, Q - select action, (/) - cycle Shift-Dir - straight line, f/p - orc
Aim: an orc, wielding a +0 hand axe (57% to hit)
You throw a poisoned dart.
The poisoned dart closely misses the orc wizard.
The poisoned dart hits the orc.
The orc is poisoned.
The orc wizard hits you with a +0 dagger.
Throw: 4 darts (poison)
Press: ? - help, Q - select action, (/) - cycle Shift-Dir - straight line, f/p - orc
Aim: an orc, wielding a +0 hand axe (poisoned, 57% to hit)
You throw a poisoned dart. The poisoned dart hits the orc wizard.
The orc wizard is moderately wounded.
The orc wizard gestures at you while chanting.
You resist with some effort.
Unknown command.
You closely miss the orc wizard.
The orc wizard is moderately wounded.
The orc wizard hits you with a +0 dagger.
You hit the orc wizard.
The orc wizard is heavily wounded.
The orc wizard hits you but does no damage.
You hit the orc wizard.
The orc wizard is heavily wounded.
You hit the orc wizard.
The orc wizard is severely wounded.
The orc wizard hits you but does no damage.
You hit the orc wizard but do no damage.
The orc wizard is severely wounded.
The orc wizard gestures at you while chanting.
The puff of flame hits you.
You barely miss the orc wizard.
The orc wizard is severely wounded.
The orc wizard closely misses you.
You hit the orc wizard.
The orc wizard is severely wounded.
The orc wizard casts a spell at you. The puff of flame hits you!
Ouch! That really hurt!
You die...

....####### ####.# #...# ##
##...##...# #(...# #...# #.
#...##...# #.#### #...######.
#...##...# #.######...##.....
##...##...# #.(...∩+.÷.'......
.....##...# #>.#####.÷.##.####
#.....'...# #o## #...##.#
#....##...# #o# #...##.#
#.#######.######@# ##.###.#
#........[....##.#######.# #.#
########.####.##.#.......#
#.#### #.....# #....#.#######
#..... #.##### #....#.#
###########. #.#
#....#'###.........#. #.#
#..................#.
#.########..................'.
#...........................##


You could see an orc wizard (invisible) and an orc (poisoned).

Vanquished Creatures
  An adder (D:2)
  2 dart slugs (D:1)
  An orc (D:2)
  4 endoplasms
  8 hobgoblins
  3 jackals (D:1)
  A ball python (D:2)
  A bat (D:1)
  A frilled lizard (D:1)
  3 kobolds
  2 rats (D:2)
27 creatures vanquished.

Notes
Turn   | Place    | Note
-------+----------+-------------------------------------------
     0 | D:1      | tdog the Spriggan Brigand began the quest for the Orb.
     0 | D:1      | Reached XP level 1. HP: 10/10 MP: 2/2
    18 | D:1      | Found a faded altar of an unknown god.
   203 | D:1      | Reached skill level 6 in Stealth
   336 | D:1      | Reached XP level 2. HP: 10/15 MP: 3/3
  1253 | D:2      | Found Siphaped's General Store.
  1335 | D:2      | Reached XP level 3. HP: 18/18 MP: 4/4
  1475 | D:2      | Found Jauvvon's Jewellery Shop.
  1845 | D:2      | Killed from afar by an orc wizard

Illustrated notes

Levels and vault maps discovered:
D:1:      minmay_arrival_three_doors, layout_loops_corners,
          shapermc_ecumenical_altar_gd, nicolae_kite_square_tiling_tiny
D:2:      layout_basic, serial_shops, nicolae_shop_rolling_square, shop,
          minmay_misc_feat_rugged
D:3:      minmay_recursive_quarters, layout_basic, dreamdust_divine_triumvirate,
          lightli_temple_of_fire, serial_co_window_serial,
          co_window_of_opportunity_a, co_window_paths_a, co_window_paths_b,
          co_window_paths_a, co_window_paths_a, co_window_corner_a,
          co_window_paths_a, co_window_broadway_c, co_window_2corner,
          co_window_corner_b, co_window_paths_d, co_window_4corner_b,
          ebering_ghost_rock_garden

Skill      XL: |  1  2  3 |
---------------+----------+-----
Stealth        | 6 |  6.8
Dodging        | 2 |  2.0
Fighting       | |  1.8
Short Blades   | |  2.9
Throwing       | |  2.0

Action                     || total
---------------------------++-------
  Melee: Dagger            ||    85
  Throw: Dart              ||    15
   Stab: Sleeping          ||     9
 Armour: Robe              ||    37
  Dodge: Dodged            ||    62
